Description

HeroMarine safe build 3 reapers 2 Hellions pressure into 3 bases push with Bio tanks and vikings

VOD

https://www.youtube.com/watch?v=I4fg-H-dfnM

Replay - TvT_HeroMarine_vs_Barcode

Build Order

Get SALT Encoding   

  12  0:00  SCV  
  13  0:12  SCV  
  14  0:18  Supply Depot  
  14  0:24  SCV  
  15  0:39  SCV  
  15  0:41  Barracks  
  16  0:45  Refinery  
  16  0:51  SCV  
  16  0:55  Refinery  
  17  1:04  SCV  
  18  1:16  SCV  
  19  1:28  Reaper, Orbital Command  
  19  1:30  Supply Depot  
  20  1:43  Factory  Pull 2 SCVs out of gaz
  20  1:53  SCV  
  21  2:00  Reaper  
  22  2:05  SCV  
  23  2:17  SCV  
  24  2:25  Command Center  
  24  2:30  Hellion  
  24  2:32  Reaper  
  24  2:35  SCV  
  28  2:42  Supply Depot  When 16 SCVs on minerals @B1, pull SCVs back on gaz
  28  2:47  SCV  
  29  2:51  Hellion  
  31  3:01  Starport  
  31  3:04  SCV  
  32  3:08  Barracks Reactor  
  32  3:16  SCV  
  32  3:19  Factory Tech Lab  
  33  3:28  SCV  
  34  3:34  Refinery  
  34  3:38  Orbital Command  
  34  3:40  SCV  
  35  3:44  Factory Tech Lab  Switch add ons with lab tech on starport
  35  3:45  Marine x2, Raven  
  39  3:52  SCV  
  40  4:04  Marine x2, Cyclone, SCV x2  
  47  4:11  Supply Depot  
  47  4:16  SCV x2  
  49  4:27  Command Center  
  49  4:30  Raven  
  51  4:32  SCV x2  
  55  4:43  Siege Tank  
  55  4:44  SCV x2  
  57  4:47  Supply Depot  
  58  4:54  Marine x2  
  58  4:57  SCV x2  
  62  5:03  Supply Depot  
  62  5:08  Refinery  
  62  5:09  SCV x2  
  64  5:16  Siege Tank  Switch addons between Starport and Rax
  68  5:21  SCV x2  
  68  5:26  Viking x2  
  73  5:28  Stimpack  
  73  5:33  SCV x2  
  75  5:39  Orbital Command  Prioritize tanks and vikings over marines while stim is not done
  75  5:47  Barracks x2  
  75  5:49  SCV x2  
  77  5:53  Siege Tank  
  80  5:57  Orbital Command  
  80  6:01  Viking x2  
  84  6:07  SCV x2  
  86  6:13  Supply Depot x2  
  86  6:19  SCV x2  
  86  6:20  Marine  
  86  6:25  SCV  
  90  6:30  Engineering Bay x2  
  90  6:31  SCV x2  
  92  6:34  Siege Tank  
  92  6:37  SCV  
  92  6:39  Barracks Reactor x2  
  96  6:42  Viking x2  
  96  6:45  SCV x2  
  101  6:51  SCV  
  101  6:53  Supply Depot x2  
  103  6:57  SCV x2  
  105  7:01  Terran Infantry Armor Level 1, Terran Infantry Weapons Level 1  
  105  7:07  Marine  
  107  7:13  Supply Depot x2  
  107  7:14  Siege Tank  
  111  7:16  Viking x2  
  111  7:17  SCV x3  
  111  7:21  Marine x4  
  120  7:24  Combat Shield  
  121  7:30  SCV x3  
  123  7:37  Barracks x2  saturate minerals @B3 before launching these rax
  123  7:38  Refinery x2  
  123  7:40  Sensor Tower  
  123  7:42  Marine x5  
  128  7:50  Medivac x2  go push if you feel confident :)
  132  7:54  SCV x3  
  132  7:55  Siege Tank  
  137  8:01  Marine x4  
  141  8:08  Supply Depot x2  
  141  8:11  Command Center  
  141  8:23  Armory  
  141  8:28  Factory  
  141  8:30  Medivac x2, Marine, SCV x3  
  149  8:34  Barracks Reactor x2  
  149  8:37  Supply Depot x3  
  149  8:38  Marine x4  
  151  8:46  SCV x3  
  148  8:56  Marine x4  
  148  8:57  Siege Tank  
  148  9:02  Orbital Command x2  
  152  9:05  Medivac x2  
  152  9:07  Barracks Reactor  
  156  9:10  SCV x3  
  156  9:14  Marine x4  
  156  9:15  Barracks x3  go for 3 raxes if you have a lot of minerals or 2 starport if you have a lot of gaz
  163  9:17  Terran Infantry Armor Level 2, Terran Infantry Weapons Level 2  
  163  9:20  Terran Vehicle Weapons Level 1  
  163  9:22  SCV  
  162  9:31  SCV x3  
  163  9:38  Marine x8  
  161  9:43  Siege Tank  
  157  9:52  Marine x4  
  153  9:55  Siege Tank  
  153  9:58  Marine x5  
Spawning Tool Build Advisor. Get it on Overwolf

Go to:

Details

  • Created by: Ajaxvitre
  • Published on: Sep 01, 2020
  • Modified on: Sep 01, 2020
  • Patch: 4.11.0
  • Difficulty: Hard
Show
View Real Time Build Order
Export as new Build Order

Comments (0)

There are no comments. Be the first!

Create an account to comment!